 Dungeon Crawl Stone Soup version bcrawl-1.12-10-g10a67aac0f (webtiles) character file.

Game seed: 17053544484363839116

1125 MisterOstroum the Insei (level 8, 0/60 HPs)
             Began as a Gnoll Transmuter on June 19, 2019.
             Was a Believer of Okawaru.
             Succumbed to a worker ant's poison
             ... on level 5 of the Dungeon.
             The game lasted 00:27:48 (5156 turns).

MisterOstroum the Insei (Gnoll Transmuter)          Turns: 5156, Time: 00:27:48

Health: 0/60       AC:  2    Str: 13    XL:     8   Next: 35%
Magic:  8/17       EV: 32    Int: 16    God:    Okawaru [**....]
Gold:   243        SH:  0    Dex: 22    Spells: 4/19 levels left

rFire    . . .     SeeInvis .     - Unarmed
rCold    . . .     Gourm    .   (shield currently unavailable)
rNeg     . . .     Faith    .   (armour currently unavailable)
rPois    x         Spirit   .   (helmet currently unavailable)
rElec    .         Reflect  .   (cloak currently unavailable)
rCorr    .         Harm     .   (gloves currently unavailable)
MR       .....                  (boots currently unavailable)
Stlth    ++++......             (no amulet)
HPRegen  0.20/turn              (no ring)
MPRegen  0.15/turn              (no ring)

@: lethally poisoned (0 -> -10), spider-form, heroism, very slightly
contaminated
A: tiny, distributed training, strong nose
a: End Transformation, Heroism, Renounce Religion


You were on level 5 of the Dungeon.
You worshipped Okawaru.
Okawaru was pleased with you.
You were not hungry.
You were a venomous arachnid creature.
You visited 2 branches of the dungeon, and saw 6 of its levels.

You collected 243 gold pieces.

Inventory:

Hand Weapons
 a - a +0 hunting sling
 k - a +1 dagger of venom
 m - a +3 hand axe of draining (melded)
 q - a +0 hand axe of venom
 r - a +2 whip of draining
 u - a +0 shortbow
Missiles
 f - 78 sling bullets
 h - 1203 stones
 l - 887 arrows
 v - 76 poisoned tomahawks (quivered)
Armour
 b - a +0 robe (melded)
 s - a +0 pair of boots
Jewellery
 n - an uncursed amulet of rage {unknown}
 o - an uncursed amulet of the gourmand {unknown}
Wands
 c - a wand of clouds (5)
 t - a wand of iceblast (11)
Scrolls
 g - 7 scrolls of remove curse {@r2}
 i - 2 scrolls of enchant weapon
Potions
 d - 2 potions of lignification {@q6}
 j - 2 potions of curing
 p - a potion of heal wounds {@q2 !q}
Comestibles
 e - 9 rations {!d}


   Skills:
 + Level 4.1(9.1) Fighting
 + Level 3.1(8.1) Short Blades
 + Level 3.1(8.1) Long Blades
 + Level 3.1(8.1) Axes
 + Level 3.1(8.1) Maces & Flails
 + Level 3.1(8.1) Polearms
 + Level 3.1(8.1) Staves
 + Level 3.1(8.1) Slings
 + Level 3.1(8.1) Bows
 + Level 3.1(8.1) Crossbows
 + Level 3.1(8.1) Throwing
 + Level 3.1(8.1) Armour
 + Level 5.6(10.6) Dodging
 + Level 3.1(8.1) Stealth
 + Level 3.1(8.1) Shields
 + Level 7.3(12.3) Unarmed Combat
 + Level 6.0 Spellcasting
 + Level 2.5 Conjurations
 + Level 2.5 Hexes
 + Level 2.5 Charms
 + Level 2.5 Summonings
 + Level 2.5 Necromancy
 + Level 2.5 Translocations
 + Level 4.6 Transmutations
 + Level 2.5 Fire Magic
 + Level 2.5 Ice Magic
 + Level 2.5 Air Magic
 + Level 2.5 Earth Magic
 + Level 2.5 Poison Magic
 + Level 3.4 Invocations
 + Level 3.1 Evocations


You had 4 spell levels left.
You knew the following spells:

 Your Spells              Type           Power        Failure   Level  Hunger
a - Beastly Appendage     Tmut           ###...       8%          1    None
b - Sticks to Snakes      Tmut           ###.....     11%         2    #......
c - Spider Form           Tmut/Pois      ###.......   24%         3    ##.....
d - Blade Hands           Tmut           ###.......   71%         5    ######.
e - Ice Form              Ice/Tmut       ###.....     52%         4    ####...

Your spell library contained the following spells:

 Spells                   Type           Power        Failure   Level  Hunger


Dungeon Overview and Level Annotations

Branches:
Dungeon (5/12)             Temple (1/1) D:4

Altars:
Gozag
Lugonu
Makhleb
Okawaru
Ru
Vehumet
Wu Jian
Yredelemnul
The Shining One

Shops:
D:4 (   D:5 (

Annotations:
D:5 Edmund


Innate Abilities, Weirdness & Mutations

Your experience applies equally to all skills.
((You have very sharp teeth.))
Your uncanny sense of smell can sniff out nearby items.


Message History

The orc priest is heavily wounded.
You closely miss the orc priest.
You bite the orc priest, but do no damage.
The orc priest is heavily wounded.
The orc priest calls down the wrath of Beogh upon you.
You struggle to resist.
You hit the orc priest. You drain the orc priest.
The orc priest is almost dead.
You hit the orc. The orc barely misses you.
The orc priest invokes the aid of Beogh against you.
Beogh smites you!
* * * LOW HITPOINT WARNING * * *
The orc priest barely misses you.
Things that are here:
a +0 hand axe; a scroll labeled KITITA PYTEE; an orc corpse You slash the orc priest!
You kill the orc priest!
Okawaru accepts your kill.
You barely miss the orc. The orc barely misses you.
Edmund the Younger comes into view.
He is wielding a +5 dire flail of crushing.
Okay, then.
It was a potion of curing.
You feel better. The orc closely misses you.
It was a potion of heal wounds.
You feel much better.
Edmund says, "You wouldn't believe how much I paid for this flail."
The orc barely misses you.
The orc priest invokes the aid of Beogh against you.
Beogh smites you! The adder completely misses you.
You closely miss the adder. The adder bites you.
The adder completely misses you.
You feel like a meek peon again. The adder barely misses you.
You hit the adder. You bite the adder.
The adder is heavily wounded.
The adder bites you. The adder closely misses you.
You gain the combat prowess of a mighty hero.
The adder misses you.
You hit the adder. You drain the adder. You bite the adder, but do no damage.
The adder is almost dead.
The adder bites you.
You are poisoned.
The adder poisons you!
Edmund says, "People think my brother is the best.
I think he's crazy."
You slash the adder!
You kill the adder!
Okawaru accepts your kill.
You feel sick.
An orc priest comes into view. It is wielding a +0 dagger.
Wield which item (- for none, * to show all)? (? for menu, Esc to quit)
Okay, then.
Unknown command.
Casting: Blade Hands (very dangerous; 50% risk of failure)
Confirm with . or Enter, or press ? or * to list all spells.
The spell is very dangerous to cast (50% risk of failure)!
Continue anyway?
You miscast Blade Hands.
You are very lightly contaminated with residual magic.
The air around you crackles with energy!
The orc priest shouts!
Edmund barely misses you.
Casting: Blade Hands (very dangerous; 50% risk of failure)
Confirm with . or Enter, or press ? or * to list all spells.
You turn into a venomous arachnid creature.
Your +3 hand axe of draining melds into your body.
Your +0 robe melds into your body.
The orc priest invokes the aid of Beogh against you.
Beogh smites you! Edmund closely misses you.
You hit Edmund.
Edmund is lightly wounded.
You bite Edmund!
Edmund is poisoned.
Edmund is moderately wounded.
You feel sick.
You are no longer poisoned.
Edmund completely misses you.
You hit Edmund but do no damage.
Edmund looks as sick as possible!
Edmund is moderately wounded.
Edmund completely misses you.
The orc priest mumbles some strange prayers to Beogh against you.
Beogh smites you!
* * * LOW HITPOINT WARNING * * *
You bite the orc priest!
The orc priest looks as sick as possible!
The orc priest is heavily wounded.
Edmund closely misses you.
You bite the orc priest!
You kill the orc priest!
Okawaru accepts your kill.
Your Spellcasting skill increases to level 6!
A worker ant comes into view.
The worker ant twitches its antennae in your direction.
Edmund says, "You wouldn't believe how much I paid for this flail."
Things that are here:
a +0 hand axe; a scroll labeled KITITA PYTEE; an orc corpse The worker ant bites you.
* * * LOW HITPOINT WARNING * * *
You are lethally poisoned!
The worker ant poisons you!
Things that are here:
a +0 whip; a +0 chain mail You die...

...#.# #.# .....#
#.############ #
.#.####........o...#
#...............####o#
.....####†####..####.#######
.... #.#.....o.$#@.......
...## #......@##.#..##.##.
...# #.....a)##)†.....# ...#
#......)s.....#### ...#
#........#####)...
#..##.#..# ##### ∆
#..#......∆ .......#
.##..#... #..#### #..


You could see Edmund and a worker ant.

Vanquished Creatures
  A water moccasin (D:5)
  A sky beast (D:4)
  4 ogres (D:4)
  A crocodile (D:5)
  A bullfrog (D:5)
  A howler monkey (D:5)
  2 crimson imps (D:4)
  A hound (D:4)
  3 orc priests
  An iguana (D:4)
  A worker ant (D:4)
  A hound skeleton (D:4)
  A howler monkey skeleton (D:4)
  5 adders
  2 shadow imps
  An ooze (D:4)
  4 worms
  2 dart slugs (D:3)
  6 leopard geckos
  13 orcs
  2 giant cockroaches
  7 goblins
  10 hobgoblins
  7 jackals (D:1)
  7 kobolds
  5 quokkas
  A ball python (D:2)
  4 bats
  A frilled lizard (D:1)
  3 rats
99 creatures vanquished.

Notes
Turn   | Place    | Note
-------+----------+-------------------------------------------
     0 | D:1      | MisterOstroum the Gnoll Transmuter began the quest for the
                  | Orb.
     0 | D:1      | Reached XP level 1. HP: 17/17 MP: 6/6
   140 | D:1      | Reached XP level 2. HP: 18/23 MP: 7/7
   283 | D:1      | Learned a level 2 spell: Sticks to Snakes
   467 | D:1      | Reached XP level 3. HP: 25/28 MP: 7/9
   554 | D:1      | Reached skill level 5 in Spellcasting
  1211 | D:2      | Found a radiant altar of Vehumet.
  1374 | D:2      | Reached skill level 1 in Invocations
  2132 | D:3      | Reached skill level 1 in Short Blades
  2132 | D:3      | Reached skill level 1 in Long Blades
  2132 | D:3      | Reached skill level 1 in Axes
  2132 | D:3      | Reached skill level 1 in Maces & Flails
  2132 | D:3      | Reached skill level 1 in Polearms
  2132 | D:3      | Reached skill level 1 in Staves
  2132 | D:3      | Reached skill level 1 in Slings
  2132 | D:3      | Reached skill level 1 in Bows
  2132 | D:3      | Reached skill level 1 in Crossbows
  2132 | D:3      | Reached skill level 1 in Throwing
  2132 | D:3      | Reached skill level 1 in Armour
  2132 | D:3      | Reached skill level 1 in Stealth
  2132 | D:3      | Reached skill level 1 in Shields
  2132 | D:3      | Reached skill level 1 in Evocations
  2132 | D:3      | Reached XP level 4. HP: 25/34 MP: 11/11
  2300 | D:4      | Learned a level 3 spell: Spider Form
  2333 | D:3      | Reached skill level 1 in Conjurations
  2333 | D:3      | Reached skill level 1 in Hexes
  2333 | D:3      | Reached skill level 1 in Charms
  2333 | D:3      | Reached skill level 1 in Summonings
  2333 | D:3      | Reached skill level 1 in Necromancy
  2333 | D:3      | Reached skill level 1 in Translocations
  2333 | D:3      | Reached skill level 1 in Fire Magic
  2333 | D:3      | Reached skill level 1 in Ice Magic
  2333 | D:3      | Reached skill level 1 in Air Magic
  2333 | D:3      | Reached skill level 1 in Earth Magic
  2333 | D:3      | Reached skill level 1 in Poison Magic
  2428 | D:3      | Reached XP level 5. HP: 20/40 MP: 6/12
  2437 | D:3      | Learned a level 5 spell: Blade Hands
  2783 | D:3      | Found a sacrificial altar of Ru.
  2797 | D:3      | Became a worshipper of Ru the Awakened
  2998 | D:3      | Found a corrupted altar of Lugonu.
  3366 | D:4      | Reached XP level 6. HP: 44/47 MP: 7/13
  3409 | D:4      | Found a staircase to the Ecumenical Temple.
  3416 | Temple   | Entered the Ecumenical Temple
  3424 | Temple   | Fell from the grace of Ru
  3424 | Temple   | Became a worshipper of Warmaster Okawaru
  3759 | D:4      | Reached skill level 5 in Dodging
  3925 | D:4      | Found Yhetuf's Weapon Emporium.
  4071 | D:4      | Reached XP level 7. HP: 39/52 MP: 9/15
  4162 | D:4      | Learned a level 4 spell: Ice Form
  4346 | D:4      | Reached * piety under Okawaru
  4346 | D:4      | Reached skill level 7 in Unarmed Combat
  4686 | D:5      | Entered Level 5 of the Dungeon
  4688 | D:5      | Found Xatac's Antique Weapon Shop.
  5020 | D:5      | Reached ** piety under Okawaru
  5020 | D:5      | Reached XP level 8. HP: 60/60 MP: 10/16
  5125 | D:5      | Noticed Edmund
  5155 | D:5      | HP: 2/60 [worker ant (4)]
  5156 | D:5      | Succumbed to a worker ant's poison

Skill      XL: |  1  2  3  4  5  6  7  8 |
---------------+-------------------------+-----
Spellcasting   | 5 6 |  6.0
Invocations    | 1 2 3 |  3.4
Short Blades   | 1 2 3 |  3.1
Long Blades    | 1 2 3 |  3.1
Axes           | 1 2 3 |  3.1
Maces & Flails | 1 2 3 |  3.1
Polearms       | 1 2 3 |  3.1
Staves         | 1 2 3 |  3.1
Slings         | 1 2 3 |  3.1
Bows           | 1 2 3 |  3.1
Crossbows      | 1 2 3 |  3.1
Throwing       | 1 2 3 |  3.1
Armour         | 1 2 3 |  3.1
Stealth        | 1 2 3 |  3.1
Shields        | 1 2 3 |  3.1
Evocations     | 1 2 3 |  3.1
Conjurations   | 1 2 |  2.5
Hexes          | 1 2 |  2.5
Charms         | 1 2 |  2.5
Summonings     | 1 2 |  2.5
Necromancy     | 1 2 |  2.5
Translocations | 1 2 |  2.5
Fire Magic     | 1 2 |  2.5
Ice Magic      | 1 2 |  2.5
Air Magic      | 1 2 |  2.5
Earth Magic    | 1 2 |  2.5
Poison Magic   | 1 2 |  2.5
Fighting       | 3 4 |  4.1
Transmutations | 4 |  4.6
Dodging        | 5 |  5.6
Unarmed Combat | 7 |  7.3

Action                   |  1- 3 |  4- 6 |  7- 9 || total
-------------------------+-------+-------+-------++-------
Melee: Unarmed           |    89 |    92 |    41 ||   222
       Bite              |     7 |     2 |     4 ||    13
       Headbutt          |     1 |     1 |       ||     2
       Punch             |     2 |     2 |       ||     4
       Kick              |     1 |       |       ||     1
       Hand axe          |       |       |    16 ||    16
 Fire: Hunting sling     |       |    15 |    38 ||    53
Throw: Stone             |    49 |    30 |       ||    79
       Tomahawk          |       |       |     2 ||     2
 Cast: Beastly Appendage |     7 |     4 |       ||    11
       Spider Form       |       |     9 |     6 ||    15
       Blade Hands       |       |     5 |     4 ||     9
Invok: Heroism           |       |       |     2 ||     2
  Use: Scroll            |     4 |     3 |       ||     7
       Potion            |       |       |     2 ||     2
  Eat: Chunk             |     3 |     9 |     3 ||    15
       Ration            |       |       |     1 ||     1
Armor: Robe              |    13 |     3 |       ||    16
Dodge: Dodged            |    50 |    50 |    43 ||   143
